 Dungeon Crawl Stone Soup version 0.29-a0-717-g6dac4ea423 (webtiles) character file.

Game seed: 17152209239721323071

6440 YayAnonymity the Basher (level 10, -2/150 HPs)
             Began as a Troll Gladiator on June 26, 2022.
             Was an Initiate of Ashenzari.
             Slain by an orc warrior
             ... wielding a +0 scimitar
              (4 damage)
             ... on level 8 of the Dungeon.
             The game lasted 00:16:51 (6832 turns).

YayAnonymity the Basher (Troll Gladiator)           Turns: 6832, Time: 00:16:52

Health: -2/150     AC: 25    Str: 26    XL:     10   Next: 67%
Magic:  0/9        EV:  1    Int:  6    God:    Ashenzari [......]
Gold:   571        SH:  0    Dex: 11    Spells: 9/9 levels left

rFire   . . .      SeeInvis +   k - +3 woodcutter's axe {vorpal}
rCold   . . .      Faith    .   (shield currently unavailable)
rNeg    . . .      Spirit   +   (body armour currently unavailable)
rPois   +          Reflect  .   (helmet currently unavailable)
rElec   .          Harm     .   (cloak currently unavailable)
rCorr   .          Rampage  .   (gloves unavailable)
Will    +....      NoTele   +   (boots unavailable)
Stlth   +.........              m - amulet of guardian spirit
HPRegen 1.15/turn               y - ring of see invisible
MPRegen 0.11/turn               w - ring of willpower

@: lethally poisoned (-2 -> -2), tree-form, studying Staves
A: stationary, stasis, torment immunity, boosted hp, large, unfitting armour,
(claws 3), regeneration 1, (shaggy fur 1), (tough skin 1)
a: Renounce Religion, Curse Item


You were on level 8 of the Dungeon.
You worshipped Ashenzari.
Ashenzari was noncommittal.
You were a tree.
You visited 2 branches of the dungeon, and saw 9 of its levels.

You collected 571 gold pieces.

Inventory:

Hand Weapons
 a - a +1 giant club
 k - the +3 woodcutter's axe (weapon) {vorpal}
   (You took it off a gnoll on level 2 of the Dungeon)

   It inflicts extra damage upon your enemies.
Missiles
 d - 2 throwing nets
 e - a large rock
 j - 7 poisoned darts
 B - 3 boomerangs
 D - 3 silver boomerangs
Armour
 b - a +0 robe (melded)
 c - a +1 hat (melded)
 p - a scarf of repulsion (melded)
 s - the +0 cloak of Light {Str+4}
   (You found it on level 3 of the Dungeon)

   Str:       It affects your strength (+4).
Jewellery
 h - a +4 ring of evasion
 m - an amulet of guardian spirit (around neck)
 w - a ring of willpower (right branch)
 y - a ring of see invisible (left branch)
 A - an amulet of regeneration
Wands
 u - a wand of flame (1) (quivered)
 C - a wand of light (10)
Scrolls
 g - 2 scrolls of magic mapping
 i - 2 scrolls of fog
 l - a scroll of vulnerability
 o - a scroll of torment
 q - a scroll of summoning
 t - a scroll of noise
 v - 2 scrolls of teleportation
Potions
 f - a potion of mutation
 n - a potion of lignification
 r - a potion of haste
 x - a potion of flight
 z - a potion of curing
 F - a potion of berserk rage {unknown}


   Skills:
 + Level 6.6 Fighting
 * Level 11.2 Maces & Flails
 + Level 3.4 Throwing
 + Level 6.6 Dodging


You had 9 spell levels left.
You didn't know any spells.
Your spell library contained the following spells:

 Spells                   Type           Power      Damage    Failure   Level
 Ensorcelled Hibernation  Hex/Ice        0%         N/A       58%         2
 Ozocubu's Armour         Ice            0%         N/A       83%         3
 Portal Projectile        Hex/Tloc       0%         N/A       83%         3
 Spider Form              Tmut/Pois      0%         N/A       83%         3
 Tukima's Dance           Hex            0%         N/A       83%         3
 Anguish                  Hex/Necr       0%         N/A       99%         4
 Passage of Golubria      Tloc           0%         N/A       99%         4
 Blade Hands              Tmut           0%         N/A       100%        5
 Silence                  Hex/Air        0%         N/A       100%        5
 Ozocubu's Refrigeration  Ice            0%         4d5       100%        7
 Lehudib's Crystal Spear  Conj/Erth      0%         10d2      100%        8


Dungeon Overview and Level Annotations

Branches:
Dungeon (8/15)             Temple (1/1) D:7
   Lair: D:8-11

Altars:
Ashenzari
Cheibriados
Dithmenos
Elyvilon
Fedhas
Gozag
Hepliaklqana
Kikubaaqudgha
Makhleb
Nemelex Xobeh
Okawaru
Qazlal
Ru
Sif Muna
Trog
Uskayaw
Vehumet
Wu Jian
Xom
Yredelemnul
Zin
The Shining One


Innate Abilities, Weirdness & Mutations

You are a tree.
Your roots penetrate the ground, keeping you stationary.
You cannot be teleported.
You are immune to unholy pain and torment.
Your maximum health is greatly increased.
Your equipment is partially melded.
You are too large for most types of armour.
((You have claws for hands.))
Your natural rate of healing is unusually fast.
((You are covered in fur. (AC +1)))
((You have tough skin. (AC +1)))


Message History

You barely miss the orc warrior. The killer bee stings you.
* * * LOW HITPOINT WARNING * * *
The killer bee stings you but does no damage. x3
The orc wizard hits you but does no damage.
The orc warrior hits you with a +0 scimitar.
* * * LOW HITPOINT WARNING * * *
You feel better.
The killer bee stings you but does no damage.
The killer bee stings you.
* * * LOW HITPOINT WARNING * * *
You are poisoned.
The killer bee poisons you!
The killer bee stings you but does no damage. x2
The orc wizard gestures at you while chanting.
The puff of flame hits you but does no damage.
The orc warrior hits you but does no damage.
You closely miss the orc warrior. You hit the killer bee.
You kill the killer bee!
You barely miss the killer bee. You slash the orc wizard!
You kill the orc wizard!
You feel sick.
The killer bee stings you but does no damage. x2
The orc warrior hits you but does no damage.
You slash the orc warrior!
The orc warrior is moderately wounded.
You completely miss the killer bee.
You feel sick.
The killer bee stings you but does no damage. x2
The orc warrior hits you but does no damage.
You hit the orc warrior.
The orc warrior is heavily wounded.
You barely miss the killer bee.
You feel sick.
The killer bee stings you but does no damage. x2
The orc warrior hits you with a +0 scimitar!
* * * LOW HITPOINT WARNING * * *
You closely miss the orc warrior.
The orc warrior is heavily wounded.
You miss the killer bee.
You feel sick.
The killer bee stings you but does no damage. x2
The orc warrior hits you with a +0 scimitar.
You die...

#......####..≈#...#
......
#............≈#..##
......
#.....(......≈##.#
......
#...........)≈≈#.# .
......
#......####...≈###≈.
...... ########
#...≈≈#≈≈. ......
#....≈≈≈.. ......
#..).).... ......
#y♣†...... ......
#)o)...... (.....
#......... ......
.........$ ##....
........... ....
............ ....
...........## #.
............# . .


You could see an orc warrior and a killer bee.

Vanquished Creatures
  4 centaur zombies (D:7)
  A gargoyle (D:8)
  A centaur skeleton (D:7)
  A redback zombie (D:7)
  2 hellwings (D:7)
  Grinder (D:3)
  Sigmund (D:4)
  A vampire mosquito (D:8)
  Edmund (D:4)
  A water moccasin (D:6)
  The ghost of zhov the Sneak, an amateur SpEn (D:3)
  2 ice beasts
  An orc warrior (D:8)
  A black bear (D:6)
  2 ogres (D:5)
  A centaur (D:8)
  2 phantoms (D:6)
  Blork the orc (D:4)
  2 bullfrogs
  3 necrophages
  2 gnoll sergeants
  3 scorpions
  4 wights
  5 killer bees (D:8)
  A howler monkey (D:6)
  5 orc priests (D:8)
  5 jellies
  5 hounds
  A gnoll shaman (D:8)
  5 iguanas
  4 orc wizards
  21 gnolls
  7 adders
  4 shadow imps (D:7)
  A worm (D:3)
  4 dart slugs
  48 orcs
  8 endoplasms
  5 giant cockroaches
  5 goblins
  6 hobgoblins
  8 jackals (D:3)
  6 quokkas
  8 ball pythons
  2 bats
  3 frilled lizards
  8 kobolds
  7 rats
221 creatures vanquished.

Vanquished Creatures (others)
  4 withered plants (D:7)
4 creatures vanquished.

Grand Total: 225 creatures vanquished

Notes
Turn   | Place    | Note
-------+----------+-------------------------------------------
     0 | D:1      | YayAnonymity the Troll Gladiator began the quest for the
                  | Orb.
     0 | D:1      | Reached XP level 1. HP: 19/19 MP: 0/0
   201 | D:1      | Reached XP level 2. HP: 28/28 MP: 1/1
   228 | D:1      | Reached skill level 3 in Maces & Flails
   478 | D:1      | Found a faded altar of an unknown god.
   725 | D:1      | Reached XP level 3. HP: 9/35 MP: 2/2
  1037 | D:2      | Reached XP level 4. HP: 22/42 MP: 3/3
  1758 | D:2      | Noticed a gnoll sergeant
  1764 | D:2      | Killed a gnoll sergeant
  1765 | D:2      | Reached skill level 4 in Maces & Flails
  1765 | D:2      | Reached XP level 5. HP: 43/50 MP: 4/4
  1892 | D:3      | Noticed an ice beast
  1894 | D:3      | Found a transporter.
  1899 | D:3      | Noticed zhov's ghost (amateur SpEn)
  1903 | D:3      | Found a transporter.
  2162 | D:3      | Noticed Grinder
  2164 | D:3      | Paralysed by Grinder for 2 turns
  2402 | D:3      | Reached XP level 6. HP: 52/59 MP: 3/5
  2515 | D:3      | Paralysed by Grinder for 5 turns
  2527 | D:3      | Paralysed by Grinder for 2 turns
  2531 | D:3      | Killed Grinder
  2532 | D:3      | Reached skill level 5 in Maces & Flails
  2532 | D:3      | Reached XP level 7. HP: 45/67 MP: 3/6
  2609 | D:3      | Identified the +0 cloak of Light {Str+4}
  2978 | D:4      | Noticed Blork the orc
  2988 | D:4      | Killed Blork the orc
  3084 | D:4      | Noticed Edmund
  3091 | D:4      | Killed Edmund
  3092 | D:4      | Reached skill level 6 in Maces & Flails
  3576 | D:4      | Noticed Sigmund
  3583 | D:4      | Killed Sigmund
  3584 | D:4      | Reached XP level 8. HP: 66/78 MP: 4/7
  3673 | D:3      | Killed zhov's ghost
  3734 | D:5      | Entered Level 5 of the Dungeon
  4063 | D:5      | Reached skill level 7 in Maces & Flails
  4381 | D:5      | Reached skill level 5 in Dodging
  4622 | D:6      | Reached skill level 5 in Fighting
  4622 | D:6      | Reached skill level 8 in Maces & Flails
  4656 | D:6      | Reached XP level 9. HP: 76/88 MP: 6/8
  4717 | D:6      | Reached skill level 9 in Maces & Flails
  4860 | D:6      | Found an ornate altar of the Wu Jian Council.
  4865 | D:6      | Found a white marble altar of Elyvilon.
  5289 | D:7      | Found a staircase to the Ecumenical Temple.
  5297 | D:7      | Noticed a hellwing
  5298 | D:7      | Noticed a hellwing
  5306 | Temple   | Entered the Ecumenical Temple
  5731 | Temple   | Became a worshipper of Ashenzari the Shackled
  5809 | D:7      | Killed a hellwing
  5817 | D:7      | Killed a hellwing
  5818 | D:7      | Reached skill level 10 in Maces & Flails
  5826 | D:7      | Reached XP level 10. HP: 41/98 MP: 2/9
  6523 | D:8      | Reached skill level 11 in Maces & Flails
  6579 | D:8      | Noticed a gargoyle
  6600 | D:8      | Killed a gargoyle
  6827 | D:8      | HP: 7/150 [killer bee (4)]
  6827 | D:8      | HP: 1/150 [orc warrior/+0 scimitar (6)]
  6832 | D:8      | HP: 2/150 [poisoned by a killer bee]
  6832 | D:8      | Slain by an orc warrior

Illustrated notes

Levels and vault maps discovered:
D:1:      enne_arrival_octagon_isle, layout_loops_ring,
          nicolae_ecumenical_lake_church
D:2:      layout_loops_ring, kennysheep_minor_cross,
          pf_guarded_unrand_woodcutter
D:3:      layout_loops_ring, gammafunk_ghost_arena, minmay_misc_feat_pillars,
          minmay_divided_ellipse, uniq_grinder
D:4:      layout_loops_corners, sigmund_army, uniq_edmund, uniq_blork_the_orc
D:5:      layout_basic, minmay_misc_feat_columns
D:6:      layout_cave_pools, grunt_temple_overflow_open,
          chequers_serial_rivers_small_3
D:7:      cheibrodos_grave_circle, layout_gridville,
          minmay_temple_entry_gardened_gates
D:8:      layout_basic, minivault_24, minmay_manual_mullet, uniq_maggie
Temple:   mainiacjoe_temple_big_plus

Skill      XL: |  1  2  3  4  5  6  7  8  9 10 |
---------------+-------------------------------+-----
Maces & Flails | 3 4 5 6 8 10 11 | 11.2
Throwing       | 2 3 |  3.4
Fighting       | 2 3 5 6 |  6.6
Dodging        | 3 4 5 6 |  6.6

Action                   |  1- 3 |  4- 6 |  7- 9 | 10-12 || total
-------------------------+-------+-------+-------+-------++-------
Melee: Unarmed           |    75 |    39 |       |       ||   114
       Flail             |     5 |       |       |       ||     5
       Punch             |     1 |       |       |       ||     1
       Battleaxe         |       |    74 |   245 |   118 ||   437
Throw: Dart              |       |       |     3 |       ||     3
       Throwing net      |       |       |     1 |       ||     1
Evoke: Wand              |       |       |     5 |       ||     5
  Use: Potion            |       |     3 |     2 |     2 ||     7
       Scroll            |       |       |    15 |     2 ||    17
 Stab: Sleeping          |     1 |       |     1 |       ||     2
       Distracted        |       |       |       |     1 ||     1
Armor: Robe              |    14 |    25 |    29 |    33 ||   101
       Skin              |       |       |   107 |    87 ||   194
Dodge: Dodged            |    37 |    65 |   183 |    73 ||   358
       Repelled          |       |       |     2 |     4 ||     6

Table legend: (Time is in decaauts)
 A = Elapsed time spent in this place.
 B = Non-inter-level travel time spent in this place.
 C = Inter-level travel time spent in this place.
 D = Time resting spent in this place.
 E = Time spent auto-exploring this place.
 F = Levels seen in this place.
 G = Mean time per level.
                   A        B        C        D        E       F      G
               +--------+--------+--------+--------+--------+-----+--------+
         Total |   6855 |   6473 |    382 |    372 |   4569 |   9 |  761.7 |
       Dungeon |   6296 |   5954 |    342 |    268 |   4170 |   8 |  787.0 |
        Temple |    559 |    519 |     40 |    104 |    399 |   1 |  559.0 |
               +--------+--------+--------+--------+--------+-----+--------+

Top non-repeatable levels by time:
     D:2: 1062 daAuts
     D:4: 984 daAuts
     D:3: 982 daAuts
     D:1: 786 daAuts
     D:5: 760 daAuts
     D:6: 701 daAuts
     D:7: 602 daAuts
  Temple: 559 daAuts
     D:8: 415 daAuts
